[Event "MCC Labor Day Schev 2024"]
[Site "New York"]
[Date "2024.09.02"]
[Round "7.8"]
[White "Zaderman, Vitaly"]
[Black "Mottola, Max"]
[Result "0-1"]
[ECO "E14"]
[WhiteElo "2093"]
[BlackElo "2103"]
[Annotator "TA"]
[PlyCount "60"]
[EventDate "2024.08.28"]
[EventType "schev"]
[EventCountry "USA"]
[SourceTitle "playchess.com"]
[Source "ChessBase"]
[SourceQuality "1"]
[TimeControl "5400+30"]

1. d4 d5 2. c4 e6 3. Nc3 Nf6 4. e3 b6 5. cxd5 exd5 6. Bd3 Bd6 7. Nf3 Bb7 8. O-O O-O 9. Nb5 Be7 10. Qc2 c5 11. Bd2 {[%emt 0:00:00] The position is equal.} a6 12. Nc3 Nc6 13. a3 {[%emt 0:00:00] [#]} Bd6 ({Black should try} 13... c4 $1 $17 14. Bf5 g6) 14. Rfd1 (14. dxc5 $11 bxc5 15. Rad1) 14... Qe7 15. Rac1 Rfe8 16. Be1 Rad8 (16... c4 $17 17. Bf1 b5) 17. Bf1 c4 18. g3 b5 19. Ra1 Qe6 20. h3 {[%emt 0:00:00] [#] Ng5 would now be deadly.} Ne7 21. Bg2 Nf5 22. Ng5 Qc8 23. e4 ({White should play} 23. Ne2 $15) 23... dxe4 $17 24. Ncxe4 Nxe4 25. Nxe4 Be7 {[%emt 0:07:24] Black is more active.} 26. d5 Bxd5 27. Nd6 Rxd6 28. Bxd5 Red8 29. Ba5 $2 (29. Bg2) 29... Rxd5 $19 30. Bxd8 Qxd8 {[%emt 0:00:54] Weighted Error Value: White=0.44/Black=0.12 (very precise) .  Mistake:       	White=3     	Black=2      Inaccurate:     	White=6     	Black=2      OK:         	White=6     	Black=11     Best:        	---       	Black=1} 0-1

[Event "MCC Labor Day Schev 2024"]
[Site "New York"]
[Date "2024.09.02"]
[Round "7.9"]
[White "Khodzhamkuliev, Bahadur"]
[Black "Aravindakshan, Sahana"]
[Result "1/2-1/2"]
[ECO "A48"]
[WhiteElo "2187"]
[BlackElo "2003"]
[Annotator "TA"]
[PlyCount "60"]
[EventDate "2024.08.28"]
[EventType "schev"]
[EventCountry "USA"]
[SourceTitle "playchess.com"]
[Source "ChessBase"]
[SourceQuality "1"]
[TimeControl "5400+30"]

1. Nf3 Nf6 2. d4 g6 3. Bg5 Bg7 4. Nbd2 O-O 5. c3 d6 6. e4 Nbd7 7. Be2 e5 8. dxe5 dxe5 9. Qc2 b6 10. Nc4 Qe8 11. O-O {[%emt 0:02:17] The position is equal.} Bb7 12. Nfd2 Nc5 13. Bxf6 Bxf6 14. Ne3 Ne6 15. Bc4 Bg7 16. Rfd1 Rd8 17. Ndf1 Rxd1 18. Rxd1 b5 19. Bd5 c6 20. Bxe6 Qxe6 21. Qb3 Qe7 22. Qb4 Qe8 23. Qc5 a6 24. Qb6 Qe7 25. g4 Bh6 26. Rd3 Bf4 27. b4 c5 28. Qxc5 (28. bxc5 $11 Bxe3 (28... Bxe4 29. Nd5 $11) 29. Nxe3 Bxe4 30. Rd6) 28... Qxc5 $17 29. bxc5 Bxe4 30. Rd6 {[%emt 0:00:47] [#]} a5 {[%emt 0:21:05] Weighted Error Value: White=0.18 (very precise) /Black=0.14 (very precise) .  Mistake:       	White=1     	Black=1      Inaccurate:     	White=5     	Black=4      OK:         	White=3     	Black=2} ({Better is} 30... Rc8 $1 $17 31. Nd2 (31. Nd5 $2 Bg5 $19) 31... Bc6) 1/2-1/2

[Event "MCC Labor Day Schev 2024"]
[Site "New York"]
[Date "2024.09.02"]
[Round "8.1"]
[White "Rohde, Michael"]
[Black "Zhao, Alex"]
[Result "1-0"]
[ECO "B07"]
[WhiteElo "2280"]
[BlackElo "2043"]
[Annotator "TA"]
[PlyCount "116"]
[EventDate "2024.08.28"]
[EventType "schev"]
[EventCountry "USA"]
[SourceTitle "playchess.com"]
[Source "ChessBase"]
[SourceQuality "1"]
[TimeControl "5400+30"]

1. Nf3 d6 2. d4 g6 3. e4 Bg7 4. Bc4 Nf6 5. Nbd2 O-O 6. Qe2 Nc6 7. c3 e5 8. dxe5 Nxe5 9. Nxe5 dxe5 10. Nf3 Qe7 11. O-O Bd7 12. b4 {[%emt 0:00:00] The position is equal.} a5 13. b5 {[%emt 0:00:00] Repels Bc6} a4 14. Rb1 c6 15. Bd2 Ra5 16. Bd3 Raa8 ({Much worse is} 16... cxb5 $6 17. c4 Raa8 18. Bb4 $16 (18. cxb5 Rfc8 $16)) 17. c4 c5 18. Rfd1 Bg4 19. h3 Bxf3 20. Qxf3 Rfd8 21. Be3 b6 22. Bc2 Ne8 23. Rxd8 Qxd8 24. Rd1 Qe7 {[%emt 0:01:14] Black is weak on the light squares} 25. Rd2 {[%emt 0:00:00] White is much more active.} Rd8 26. Bxa4 (26. Rxd8 Qxd8 27. Bxa4 Nc7) 26... Rxd2 27. Bxd2 Qd8 28. Qe3 Nc7 29. Bd1 Ne6 30. a4 Bf6 31. Qe2 Nd4 ({Black should play} 31... Nf4 $14 32. Bxf4 exf4) 32. Qd3 Be7 33. Bc3 Bd6 34. Qd2 Bc7 35. g3 Qa8 36. Qe3 Qb8 37. h4 h5 38. Kg2 Kh7 39. Bd2 Qd8 (39... Qa8 $16 {was called for.}) 40. Qh6+ $18 Kg8 41. Qg5 ({Better is} 41. Bg5 $18 Qf8 42. Kf1) 41... Ne6 (41... Qd6 $16) 42. Qxd8+ Bxd8 {[%emt 0:00:03][%mdl 4096] Endgame. KBB-KBN} 43. Bc3 Bc7 44. Kf3 f6 45. Ke3 Kf7 46. Be2 Ke7 47. Bf1 Kf7 48. Bh3 Ke7 {[%emt 0:00:43] [#]} (48... Nd4 $16 49. Bg2 g5) 49. Bxe6 $1 Kxe6 {[%emt 0:00:01] KB-KB} 50. Kd3 f5 $2 (50... Bd8 51. Bd2 Kd7) 51. Bd2 f4 52. Kc3 Bd8 53. Kb3 ({Less strong is} 53. gxf4 Bxh4 54. f3 Bd8 $16) 53... g5 54. hxg5 Bxg5 {[%emt 0:00:06] [#] And now ...fxg3 would win.} 55. a5 bxa5 56. Bxa5 {[%emt 0:00:07] Threatens to win with b6.} Kd6 57. Ka4 f3 58. Be1 {[%emt 0:00:42] aiming for Ka5.} Bd8 {[%emt 0:01:06] Weighted Error Value: White=0.15 (very precise) /Black=0.18 (very precise) .  Mistake:       	White=1     	Black=5      Inaccurate:     	White=3     	Black=3      OK:         	White=14    	Black=16     Best:        	White=2     	Black=2} 1-0

[Event "MCC Labor Day Schev 2024"]
[Site "New York"]
[Date "2024.09.02"]
[Round "8.2"]
[White "Sarkar, Justin"]
[Black "Gaw, Chloe"]
[Result "1-0"]
[ECO "B66"]
[WhiteElo "2276"]
[BlackElo "1981"]
[Annotator "TA"]
[PlyCount "69"]
[EventDate "2024.08.28"]
[EventType "schev"]
[EventCountry "USA"]
[SourceTitle "playchess.com"]
[Source "ChessBase"]
[SourceQuality "1"]
[TimeControl "5400+30"]

1. e4 c5 2. Nf3 d6 3. d4 cxd4 4. Nxd4 Nf6 5. Nc3 Nc6 6. Bg5 e6 7. Qd2 a6 8. Nxc6 bxc6 9. O-O-O {[%emt 0:00:20][%cal Oe4e5] Black must now prevent e5!} Be7 10. Bxf6 {[%emt 0:00:18] White is slightly better.} gxf6 11. Bc4 d5 {[%emt 0:03:13] [#]} ({Better is} 11... Bb7 $14) 12. exd5 $1 $18 cxd5 {[%emt 0:00:35] [#]} 13. Nxd5 exd5 (13... Bb7 14. Nxe7) 14. Bxd5 Ra7 {[%emt 0:00:50] aiming for ...0-0.} 15. Bc6+ Bd7 16. Qe3 Rc7 {[%emt 0:02:29] [#]} (16... Qb8 17. Rxd7 Rxd7) 17. Rxd7 $1 Qxd7 18. Bxd7+ Rxd7 19. Rd1 Rxd1+ 20. Kxd1 {[%emt 0:00:02][%mdl 4096] Endgame. KQ-KRB} Rg8 21. Qa7 Rg5 22. Qxa6 Kf8 23. a4 Kg7 24. Qb7 Bd6 25. b4 Rg4 26. c3 Be5 27. a5 {[%emt 0:05:51] Strongly threatening a6.} Bxc3 28. a6 {[%emt 0:00:08] a7 would now be deadly.} Bd4 29. Qd7 Re4 30. f3 {[%emt 0:00:16] White mates.} Re6 31. Qxd4 Rxa6 32. b5 Re6 33. b6 Re7 34. Qd8 Rb7 {[%emt 0:00:13] [#]} 35. Qc7 $3 {[%emt 0:00:07] White took control after the opening.   Weighted Error Value: White=0.02 (flawless) /Black=1.22.  Mistake:       	---       	Black=2      OK:         	White=4     	---        Best:        	White=1     	Black=1      Strong:       	White=2     	---        Brilliant:      	White=1     	---} 1-0

[Event "MCC Labor Day Schev 2024"]
[Site "New York"]
[Date "2024.09.02"]
[Round "8.3"]
[White "Mottola, Max"]
[Black "Podavonov, Alisher"]
[Result "1-0"]
[ECO "B13"]
[WhiteElo "2103"]
[BlackElo "2140"]
[Annotator "TA"]
[PlyCount "139"]
[EventDate "2024.08.28"]
[EventType "schev"]
[EventCountry "USA"]
[SourceTitle "playchess.com"]
[Source "ChessBase"]
[SourceQuality "1"]
[TimeControl "5400+30"]

1. e4 c6 2. d4 d5 3. exd5 cxd5 4. Bd3 Nc6 5. c3 Qc7 6. Na3 a6 7. Nc2 Nf6 8. h3 e5 9. dxe5 Nxe5 10. Nf3 Nxd3+ 11. Qxd3 Qc4 12. Qe3+ Be7 13. Ncd4 O-O 14. Ne5 (14. Qxe7 Re8 $17) 14... Qc7 15. O-O Bd6 16. Nef3 ({White should play} 16. Nd3 $1 $11) 16... h6 17. Nh4 Re8 18. Qf3 Ne4 19. Ndf5 Be5 20. Be3 Be6 21. Rad1 b5 22. Bd4 a5 23. Qh5 Bxd4 24. Rxd4 b4 25. c4 g6 (25... Nf6 $11 26. Nxh6+ gxh6 27. Qxh6 Ne4 (27... Qe5 $2 28. Nf3 $18)) 26. Nxg6 $14 (26. Nxh6+ Kg7 27. Qf3 Ng5 $11 (27... Kxh6 28. cxd5 Bxd5 29. Rxd5 $14)) (26. Qxh6 Bxf5 27. Rxd5 (27. Nxf5 $2 gxf5 28. Rxd5 Re6 $19) 27... Re6 (27... Qxc4 28. Rxf5 Ra6 29. Rf4 $15) (27... Be6 28. Rd4 $17) 28. Nxf5 gxf5 $19) 26... Bxf5 27. Qxf5 fxg6 (27... Qb6 $2 28. Ne5 (28. Rxd5 $2 Qxg6 29. Qxg6+ fxg6 $19) 28... Qe6 29. Qxe6 Rxe6 30. Ng4 (30. cxd5 Rxe5 31. Re1 Rae8 $11) (30. Rxd5 a4 $18) 30... dxc4 31. Rxe4 $18 (31. Rxc4 $2 Nd2 $19)) 28. Qxd5+ Qf7 29. Rxe4 Qxd5 30. Rxe8+ Rxe8 31. cxd5 Re2 32. Rd1 Kf7 (32... Rxb2 33. d6 Kf7 34. d7 Re2 35. d8=Q (35. d8=B Rxa2 36. Rb1 Ke6 $16) 35... Re7 36. Rd3 (36. Qxa5 Kf6 37. Qxb4 g5 38. Rd8 Kf7 39. g4 h5 40. Qb3+ Kf6 41. Qf3+ Kg6) (36. Qd5+ Kg7 37. Qxa5 Kf6 38. Qxb4 g5 39. Rd6+ Kf7 40. Qc3 Kg8) 36... Re1+ 37. Kh2) 33. d6 Ke8 34. Rd5 Rxb2 35. Rxa5 Rb1+ 36. Kh2 Ra1 (36... Kd7 $16 {is a better defense.}) 37. Ra4 $18 Kd7 (37... Rb1 $142 38. Ra7 Rd1) 38. Rxb4 $18 Rxa2 39. Rb7+ Ke6 40. d7 Rd2 41. Kg3 Ke7 $2 (41... Rd5 42. f3 (42. Rb6+ Kf7 $18) 42... Rg5+ 43. Kf2 Rd5) 42. d8=N+ ({Less strong is} 42. Rb6 Kf7 43. Rb7 Ke6 $18) 42... Kxd8 43. Rb6 Rd3+ 44. f3 h5 45. Rxg6 Rd2 46. Rg5 h4+ 47. Kxh4 Ke7 48. g3 Kf6 49. f4 Rd3 50. Ra5 (50. Kg4 $142 Kf7 51. h4 Ke6 52. h5 Rd7 53. Rg6+ Kd5 54. h6 Rc7 55. Rg7) 50... Kg6 51. Kg4 Rb3 52. Ra6+ Kg7 53. h4 Rc3 54. f5 Rb3 55. Kf4 Rb4+ 56. Kg5 Rb3 57. Ra7+ Kf8 58. g4 Rb6 59. f6 Kg8 60. Kg6 Rb8 61. Rg7+ Kf8 62. Rh7 Kg8 63. f7+ Kf8 64. Rh8+ Ke7 65. Rxb8 Kd7 66. f8=Q Kc6 67. Qb4 Kd7 68. Qb5+ Kd6 69. Rd8+ Kc7 70. Rd7+ 1-0

[Event "MCC Labor Day Schev 2024"]
[Site "New York"]
[Date "2024.09.02"]
[Round "8.4"]
[White "Colas, Joshua"]
[Black "Patel, Maahir M"]
[Result "1-0"]
[ECO "E32"]
[WhiteElo "2224"]
[BlackElo "2005"]
[Annotator "RC"]
[PlyCount "79"]
[EventDate "2024.08.28"]
[EventType "schev"]
[EventCountry "USA"]
[SourceTitle "playchess.com"]
[Source "ChessBase"]
[SourceQuality "1"]
[TimeControl "5400+30"]

1. d4 Nf6 2. c4 e6 3. Nc3 Bb4 4. Qc2 O-O 5. Bg5 d5 6. e3 h6 7. Bh4 Nbd7 8. Bd3 a6 9. cxd5 exd5 10. Nf3 Re8 11. O-O c6 12. a3 Be7 13. b4 Ne4 14. Bxe7 Qxe7 15. Bxe4 dxe4 16. Nd2 Nf6 17. Rfb1 Bf5 18. Na4 Be6 19. Qc5 Bd5 20. Nb6 Rab8 21. a4 Qe6 22. b5 Nd7 23. Nxd7 Qxd7 24. bxa6 bxa6 25. Rb6 Rxb6 26. Qxb6 Qd6 27. a5 Rb8 28. Qxa6 Rb2 29. Nc4 Bxc4 30. Qxc4 Rb4 31. Qc2 Qd5 32. a6 Rb8 33. a7 Ra8 34. h3 f5 35. Qb2 Qb5 36. Qa2+ Kh8 37. Qa3 Qb6 38. Qd6 Qb2 39. Ra5 Qe2 40. Qb8+ 1-0

[Event "MCC Labor Day Schev 2024"]
[Site "New York"]
[Date "2024.09.02"]
[Round "8.4"]
[White "Almeida Saenz, Alfonso"]
[Black "Shangin, Lev"]
[Result "1-0"]
[ECO "E32"]
[WhiteElo "2202"]
[BlackElo "1974"]
[Annotator "TA"]
[PlyCount "79"]
[EventDate "2024.08.28"]
[EventType "schev"]
[EventCountry "USA"]
[SourceTitle "playchess.com"]
[Source "ChessBase"]
[SourceQuality "1"]
[TimeControl "5400+30"]

1. d4 Nf6 2. c4 e6 3. Nc3 Bb4 4. Qc2 O-O 5. Bg5 d5 6. e3 h6 7. Bh4 Nbd7 8. Bd3 a6 (8... dxc4 $11 9. Bxc4 c5) 9. cxd5 $14 exd5 10. Nf3 Re8 11. O-O c6 12. a3 Be7 13. b4 Ne4 14. Bxe7 Qxe7 15. Bxe4 dxe4 16. Nd2 Nf6 17. Rfb1 Bf5 18. Na4 Be6 19. Qc5 ({Much weaker is} 19. Nxe4 Bf5 20. Nxf6+ Qxf6 $17) 19... Bd5 20. Nb6 Rab8 21. a4 Qe6 22. b5 Nd7 (22... axb5 $14 23. axb5 cxb5) 23. Nxd7 $16 Qxd7 {[%emt 0:00:04] [#]} 24. bxa6 bxa6 25. Rb6 Rxb6 26. Qxb6 Qd6 27. a5 ({White should play} 27. Qxa6 $16 {Hoping for Nc4.} Qb4 28. Qe2) 27... Rb8 $11 28. Qxa6 {[%emt 0:00:09] And now Nc4 would win.} Rb2 $2 {[%emt 0:02:54] [#] Black cannot hold the game after this.} (28... Qb4 $11 {and Black stays safe.} 29. Qe2 Rb5) 29. Nc4 $1 $18 Bxc4 30. Qxc4 {[%emt 0:00:01][%mdl 4096] Endgame. KQR-KQR} Rb4 (30... Qd5 $142 31. Qxd5 cxd5) 31. Qc2 Qd5 32. a6 {[%emt 0:00:12][%cal Ba5a6,Ba6a7][%mdl 32] Black must now prevent a7.} Rb8 33. a7 Ra8 34. h3 f5 $2 (34... Qd7 {is a better defense.} 35. Qxe4 Qb7) 35. Qb2 Qb5 36. Qa2+ Kh8 37. Qa3 Qb6 38. Qd6 {[%emt 0:02:18] aiming for d5.} Qb2 39. Ra5 Qe2 (39... Qb6 $18) 40. Qb8+ {[%emt 0:00:27] Weighted Error Value: White=0.26 (precise) /Black=0.74.  Loses game:     	---       	Black=1      Mistake:       	White=1     	Black=5      Inaccurate:     	White=4     	Black=5      OK:         	White=13    	Black=9      Best:        	White=1     	Black=1      Strong:       	White=1     	---} 1-0

[Event "MCC Labor Day Schev 2024"]
[Site "New York"]
[Date "2024.09.02"]
[Round "8.5"]
[White "Colas, Joshua"]
[Black "Patel, Maahir M"]
[Result "1-0"]
[ECO "A28"]
[WhiteElo "2224"]
[BlackElo "2005"]
[Annotator "TA"]
[PlyCount "41"]
[EventDate "2024.08.28"]
[EventType "schev"]
[EventCountry "USA"]
[SourceTitle "playchess.com"]
[Source "ChessBase"]
[SourceQuality "1"]
[TimeControl "5400+30"]

1. c4 e5 2. Nc3 Nf6 3. Nf3 Nc6 4. e4 h6 5. d4 d6 (5... exd4 $11 6. Nxd4 Bb4) 6. h3 g6 (6... exd4 $11 7. Nxd4 Nxd4 8. Qxd4 Be7) 7. Be3 exd4 8. Nxd4 {[%emt 0:00:11] White is slightly better.} Bg7 9. Nxc6 bxc6 10. Qd2 {[%emt 0:00:11] White is more active.} Qe7 11. Bd3 a5 12. O-O Nd7 {[%emt 0:03:55] Repels c5} 13. Be2 h5 14. Rac1 O-O 15. b3 Nc5 16. Bf3 Be5 17. Rfe1 Ne6 18. Bd1 Qh4 19. Ne2 g5 (19... Re8 $11 {remains equal.}) 20. Nd4 $16 Nxd4 {[%emt 0:03:38][%mdl 8192] [#]} (20... Bxd4 $16 21. Bxd4 f6) 21. Bxg5 {[%emt 0:01:15] Weighted Error Value: White=0.12 (very precise) /Black=0.50.  Loses game:     	---       	Black=1      Mistake:       	---       	Black=2      Inaccurate:     	White=2     	Black=1      OK:         	White=5     	Black=4      Best:        	White=1     	---} (21. Bxd4 Qf4 22. Qxf4 Bxf4 $16) 1-0

[Event "MCC Labor Day Schev 2024"]
[Site "New York"]
[Date "2024.09.02"]
[Round "8.5"]
[White "Almeida Saenz, Alfonso"]
[Black "Shangin, Lev"]
[Result "1-0"]
[ECO "A28"]
[WhiteElo "2202"]
[BlackElo "1974"]
[Annotator "TA"]
[PlyCount "41"]
[EventDate "2024.08.28"]
[EventType "schev"]
[EventCountry "USA"]
[SourceTitle "playchess.com"]
[Source "ChessBase"]
[SourceQuality "1"]
[TimeControl "5400+30"]

1. c4 e5 2. Nc3 Nf6 3. Nf3 Nc6 4. e4 h6 5. d4 d6 (5... exd4 $11 6. Nxd4 Bb4) 6. h3 g6 7. Be3 exd4 8. Nxd4 {[%emt 1:10:00] White is slightly better.} Bg7 9. Nxc6 bxc6 10. Qd2 Qe7 11. Bd3 a5 12. O-O Nd7 13. Be2 (13. Rad1 $16) 13... h5 14. Rac1 O-O 15. b3 Nc5 16. Bf3 Be5 17. Rfe1 Ne6 18. Bd1 Qh4 19. Ne2 g5 (19... c5 $11 {remains equal.}) 20. Nd4 Nxd4 {[%emt 0:03:38][%mdl 8192] [#]} (20... Bxd4 $16 21. Bxd4 f6) 21. Bxg5 {[%emt 0:01:15] Weighted Error Value: White=0.13 (very precise) /Black=0.51.  Loses game:     	---       	Black=1      Mistake:       	White=1     	Black=1      Inaccurate:     	White=1     	Black=3      OK:         	White=4     	Black=3      Best:        	White=1     	---} (21. Bxd4 Qf4 22. Qxf4 Bxf4 $16) 1-0

[Event "MCC Labor Day Schev 2024"]
[Site "New York"]
[Date "2024.09.02"]
[Round "8.6"]
[White "Martin Del Campo Cardenas, Roberto Abel"]
[Black "Stern, Kevin B"]
[Result "1-0"]
[ECO "B22"]
[WhiteElo "2216"]
[BlackElo "1920"]
[Annotator "TA"]
[PlyCount "73"]
[EventDate "2024.08.28"]
[EventType "schev"]
[EventCountry "USA"]
[SourceTitle "playchess.com"]
[Source "ChessBase"]
[SourceQuality "1"]
[TimeControl "5400+30"]

1. e4 c5 2. Nf3 Nf6 3. e5 Nd5 4. d4 cxd4 5. c3 d6 6. cxd4 Nc6 7. Bc4 dxe5 8. dxe5 Be6 9. O-O g6 10. Qe2 Bg7 {[%emt 0:04:00] The position is equal.} 11. Rd1 Qa5 $1 12. Nbd2 {[%emt 0:09:27][%cal Bb1d2,Bd2b3,Bb3c5,Bc5e6][%mdl 32] Nb3 would now be deadly.} Rd8 13. Nb3 Qc7 (13... Qb6 $11 {is superior.}) 14. Nc5 O-O (14... Nc3 $1 $11 15. Rxd8+ (15. bxc3 Rxd1+ 16. Qxd1 Bxc4 $17) 15... Nxd8 16. bxc3 Qxc5 17. Bb5+ Nc6) 15. Nxe6 $14 fxe6 16. Ng5 $1 Qc8 {[%emt 0:08:10] [#]} 17. f4 h6 {[%emt 0:07:34] [#]} (17... Bh6 $1 $11) 18. Nxe6 $2 Qxe6 $17 19. Qe4 Ncb4 20. a3 {[%emt 0:00:04] [#]} Kh7 $1 21. Bd2 {[%emt 0:06:42] [#]} (21. axb4 $2 Qb6+ 22. Kf1 (22. Kh1 $2 Nc3 $19) 22... Nc3 (22... Nxb4 $2 23. Be3 $18) 23. bxc3 Rxd1+ 24. Ke2 Qg1 $19) 21... Na6 (21... b5 $1 $17 22. Bf1 Na6) 22. Ba5 $36 {[%emt 0:00:17][%csl LRd5,LRd8][%cal Oa5d8][%mdl 2048] Dodges Qb6+. White fights for an advantage. A strong pair of Bishops.} b6 (22... Rxf4 $11 23. Qxf4 (23. Bxd5 $2 {loses.} Rxe4 24. Bxe6 Rxd1+ 25. Rxd1 Rxe5 $19) 23... Nxf4 24. Bxe6 Rxd1+ 25. Rxd1 Nxe6) 23. Rxd5 $16 {[%emt 0:01:25] Black is weak on the light squares} Qc8 ({Black should try} 23... Qc6 24. Bb4 b5) 24. Rxd8 Rxd8 25. Bc3 Nc5 {[%emt 0:00:36] Dodges Bd3} 26. Qc2 Qg4 (26... Ne6 $16 27. Qe4 Nc5) 27. Rf1 $18 Rc8 28. h3 Qf5 29. Qxf5 gxf5 30. g4 fxg4 31. hxg4 Kh8 32. f5 {[%emt 0:01:02] aiming for f6.} Ne4 33. Be6 Rc7 (33... Rd8 $16) 34. f6 exf6 (34... Bf8 {was necessary.} 35. Rd1 (35. Bb4 a5 $16) 35... exf6) 35. exf6 Bf8 (35... Nxc3 {might work better.} 36. fxg7+ Kxg7 37. bxc3 Rc6) 36. Be5 {[%emt 0:00:53] White wants to mate with f7+.} Rc5 37. Bd4 {[%emt 0:00:06] Weighted Error Value: White=0.22 (precise) /Black=0.53.  Mistake:       	White=2     	Black=10     Inaccurate:     	White=3     	Black=2      OK:         	White=12    	Black=9      Best:        	White=4     	Black=1      Strong:       	White=1     	Black=1} 1-0

[Event "MCC Labor Day Schev 2024"]
[Site "New York"]
[Date "2024.09.02"]
[Round "8.7"]
[White "Aravindakshan, Sahana"]
[Black "Nasta, Kiren Vivek"]
[Result "0-1"]
[ECO "D85"]
[WhiteElo "2003"]
[BlackElo "2148"]
[Annotator "TA"]
[PlyCount "84"]
[EventDate "2024.08.28"]
[EventType "schev"]
[EventCountry "USA"]
[SourceTitle "playchess.com"]
[Source "ChessBase"]
[SourceQuality "1"]
[TimeControl "5400+30"]

1. d4 Nf6 2. c4 g6 3. Nc3 d5 4. cxd5 Nxd5 5. e4 Nxc3 6. bxc3 Bg7 7. Qa4+ Nd7 8. Nf3 O-O 9. Be2 Nb6 10. Qa5 Bg4 11. O-O {[%emt 0:00:59] [#] The position is equal.} c5 $1 12. Qxc5 Na4 13. Qb4 Bxf3 $1 14. Bxf3 (14. gxf3 $2 Nxc3 15. Qxc3 Bxd4 $19 (15... Qxd4 16. Qxd4 Bxd4 17. Rb1 $18)) 14... Nxc3 15. e5 (15. Qxc3 Bxd4 (15... Qxd4 $2 16. Qxd4 Bxd4 17. Rb1 $18) 16. Qe1 Bxa1 $17) (15. Be3 $5 Rc8 $8 16. e5 $11) 15... Rc8 16. Ba3 b5 17. Bg4 {[%emt 0:11:26] Black keeps a firm grip on the game.} (17. Qxe7 $11 {keeps the balance.} Qxd4 18. e6) 17... Rc4 18. Qxe7 Qxd4 19. Bd1 b4 $1 {[%emt 0:09:35] Black is more active.} (19... Qxe5 20. Qxe5 Bxe5 21. Re1 $17 (21. Bxf8 Kxf8 22. Bf3 Rb4 $15)) 20. Bb2 Bxe5 ({Don't play} 20... Qxe5 21. Qxe5 Bxe5 22. a3 $17) 21. Bxc3 (21. g3 $17 {was worth a try.}) 21... bxc3 $19 22. Bb3 $2 {[%emt 0:01:00] White is weak on the dark squares} (22. Bc2) 22... Rc7 23. Qa3 c2 {[%emt 0:00:00] Repels Rad1} 24. Rac1 Rfc8 {[%emt 0:00:00] Strongly threatening ...Bf4.} 25. g3 Bg7 26. Kg2 Bh6 27. f4 (27. Qa4 $142 Qxa4 28. Bxa4) 27... Qe4+ 28. Kh3 Rc5 {[%emt 0:00:00] ( -> ...Rh5+)} 29. Rfe1 Rh5+ 30. Kg4 Qf5+ 31. Kf3 Rc3+ 32. Re3 Rxe3+ 33. Kxe3 {[%emt 0:00:06] [#]} Bxf4+ $1 34. gxf4 Rh3+ 35. Kd4 Rd3+ ({Worse is} 35... Rxh2 36. Qxa7 Qxf4+ 37. Kc3 $11) 36. Kc4 Qd5+ (36... Qxf4+ $2 {loses.} 37. Kxd3 Kg7 38. Kxc2 $18) 37. Kb4 Qd6+ 38. Ka4 Rd4+ 39. Bc4 Rxc4+ 40. Kb3 {[%emt 0:00:03] [#]} Rc3+ 41. Kxc3 Qxa3+ 42. Kxc2 Qxa2+ {[%emt 0:00:00] Weighted Error Value: White=0.75/Black=0.12 (very precise) .  Mistake:       	White=4     	---        Inaccurate:     	White=1     	---        OK:         	White=6     	Black=12     Best:        	White=1     	Black=2      Strong:       	---       	Black=2} 0-1